 Dungeon Crawl Stone Soup version 0.29.1-12-g30fa7ad0bf (webtiles) character file.

Game seed: 14097382555258862385

3299 bnorton916 the Thaumaturge (level 9, 0/45 HPs)
             Began as a Deep Elf Fire Elementalist on Dec 23, 2022.
             Was an Initiate of Gozag.
             Slain by a steam dragon (3 damage)
             ... on level 8 of the Dungeon.
             The game lasted 00:13:29 (12499 turns).

bnorton916 the Thaumaturge (DEFE)                  Turns: 12499, Time: 00:13:30

Health: 0/45       AC:  3    Str:  7    XL:     9   Next: 70%
Magic:  14/24      EV: 13    Int: 23    God:    Gozag
Gold:   593        SH:  0    Dex: 15    Spells: 14/26 levels left

rFire   . . .      SeeInvis +   s - +1 dagger (venom)
rCold   . . .      Faith    .   (no shield)
rNeg    . . .      Spirit   .   a - +0 robe
rPois   .          Reflect  .   (no helmet)
rElec   .          Harm     .   f - +0 cloak
rCorr   .          Rampage  .   (no gloves)
Will    .....                   (no boots)
Stlth   ++........              (no amulet)
HPRegen 0.15/turn               x - ring of see invisible
MPRegen 0.19/turn               (no ring)

@: about to teleport
A: no striking features
a: Renounce Religion, Potion Petition, Call Merchant, Bribe Branch


You were on level 8 of the Dungeon.
You worshipped Gozag.
Gozag was pleased with you.
You visited 2 branches of the dungeon, and saw 9 of its levels.

You collected 700 gold pieces.
You paid 107 gold pieces to Gozag.

Inventory:

Hand Weapons
 s - a +1 dagger of venom (weapon)
 I - a +0 glaive of pain
Missiles
 i - 6 poisoned darts
 B - 4 javelins
Armour
 a - a +0 robe (worn)
 f - a +0 cloak (worn)
 l - an orb of mayhem
 J - +0 acid dragon scales
Magical Staves
 H - a staff of earth
Jewellery
 m - a ring of fire
 x - a ring of see invisible (left hand)
Wands
 v - a wand of polymorph (11)
 A - a wand of iceblast (12)
 F - a wand of light (5)
Scrolls
 e - 3 scrolls of teleportation
 h - a scroll of immolation {unknown}
 k - a scroll of fog {unknown}
 n - 2 scrolls of enchant armour {unknown}
 r - a scroll of torment {unknown}
 t - a scroll of noise {unknown}
 u - 2 scrolls of acquirement {unknown}
 w - a scroll of summoning {unknown}
 y - 4 scrolls of fear {unknown}
 C - a scroll of vulnerability
 D - 2 scrolls of identify
 K - a scroll of amnesia {unknown}
Potions
 b - 3 potions of magic
 c - 3 potions of might {unknown}
 d - 3 potions of haste
 g - 3 potions of flight
 j - 3 potions of heal wounds
 o - 2 potions of attraction {unknown}
 p - 2 potions of resistance {unknown}
 q - 3 potions of lignification {unknown}
 z - 4 potions of curing
 E - a potion of berserk rage {unknown}
 G - a potion of ambrosia {unknown}


   Skills:
 + Level 2.0 Armour
 + Level 4.1 Dodging
 - Level 2.4 Stealth
 - Level 9.3 Spellcasting
 + Level 8.1 Conjurations
 - Level 5.2 Hexes
 - Level 6.3 Summonings
 - Level 6.0 Fire Magic


You had 14 spell levels left.
You knew the following spells:

 Your Spells              Type           Power      Damage    Failure   Level
a - Foxfire               Conj/Fire      100%       2x1d9     1%          1
b - Scorch                Fire           76%        2d8       1%          2
c - Tukima's Dance        Hex            34%        N/A       2%          3
d - Conjure Flame         Conj/Fire      43%        6-21      1%          3
e - Call Canine Familiar  Summ           39%        N/A       1%          3

Your spell library contained the following spells:

 Spells                   Type           Power      Damage    Failure   Level
 Summon Small Mammal      Summ           100%       N/A       1%          1
 Inner Flame              Hex/Fire       36%        N/A       1%          3
 Summon Guardian Golem    Hex/Summ       37%        N/A       1%          3
 Flame Wave               Conj/Fire      43%        2d11      3%          4
 Yara's Violent Unravell  Hex/Tmut       11%        3d6       50%         5
 Passage of Golubria      Tloc           10%        N/A       52%         4


Dungeon Overview and Level Annotations

Branches:
Dungeon (7/15)             Temple (1/1) D:7

Altars:
Dithmenos
Gozag
Hepliaklqana
Kikubaaqudgha
Nemelex Xobeh
Qazlal
Ru
Wu Jian
Zin
The Shining One

Annotations:
D:4 1 runed translucent door, Dagolar's ghost, amateur DsFE
D:8 Psyche


Message History

A steam dragon is nearby!
A steam dragon is nearby!
A steam dragon is nearby!
Casting: Scorch (safe; 1% risk of failure)
Confirm with . or Enter, or press ? or * to list all spells.
You conjure some foxfire!
Casting: Foxfire (safe; 1% risk of failure)
Confirm with . or Enter, or press ? or * to list all spells.
You conjure some foxfire!
The foxfire hits the steam dragon but does no damage. x2
The foxfire hits the steam dragon.
The steam dragon is lightly wounded.
Psyche the Insane Magess comes into view.
She is wielding a +1 dagger of chaos.
The foxfire hits the steam dragon.
The steam dragon is moderately wounded.
Casting: Foxfire (safe; 1% risk of failure)
Confirm with . or Enter, or press ? or * to list all spells.
You conjure some foxfire!
The steam dragon breathes steam at you. The ball of steam hits you!
* * * LOW HITPOINT WARNING * * *
The ball of steam hits your foxfire.
Your foxfire resists.
You are engulfed in a cloud of scalding steam.
* * * LOW HITPOINT WARNING * * *
Psyche laughs secretively.
The foxfire hits Psyche!
Psyche is moderately wounded.
You feel much better.
You are engulfed in a cloud of scalding steam.
* * * LOW HITPOINT WARNING * * *
As you read the scroll of teleportation, it crumbles to dust.
You feel strangely unstable.
You are engulfed in a cloud of scalding steam.
* * * LOW HITPOINT WARNING * * *
Psyche is engulfed in a cloud of scalding steam.
Psyche gestures at you while chanting.
You easily resist.
The steam dragon bites you.
You die...
Your body crumbles into a pile of gold.

####### #...._. #...#.#
....#.# # ..... ......# .
#... ....... . #####..#
.....## .# ####...#..##
.§.....
..##.#....#...###§......
..#.....$.$..@..@......#
............§§.D$......#
##.......###...§......##
...##....#.#.§§§......#
.............§§.......###
............#.§.........#
.#.....#.......)........#
##.....#......##.......##
.$...........#.........#


You could see Psyche and a steam dragon.

Vanquished Creatures
  The ghost of SirLogeyBear the Chopper, a novice HOBe of Trog (D:5)
  Maggie (D:8)
  Sigmund (D:6)
  A steam dragon (D:5)
  2 water moccasins
  A sky beast (D:7)
  4 black bears
  A centaur (D:7)
  A phantom (D:5)
  3 bullfrogs
  4 scorpions
  A necrophage (D:5)
  6 killer bees (D:7)
  4 howler monkeys
  2 vampire bats (D:6)
  A hound (D:5)
  A jelly (D:5)
  A gnoll bouda (D:6)
  3 orc priests
  2 orc wizards
  Terence (D:2)
  2 iguanas
  A hound skeleton (D:3)
  3 gnolls (D:6)
  A howler monkey skeleton (D:3)
  8 adders
  A white imp (D:6)
  3 worms
  3 dart slugs
  10 orcs
  9 ball pythons
  4 bats
  3 bat skeletons (D:6)
  2 bat zombies (D:6)
  4 endoplasms
  6 giant cockroaches
  12 goblins
  7 hobgoblins
  5 jackals
  11 quokkas
  5 frilled lizards
  2 giant cockroach zombies (D:3)
  9 kobolds
  10 rats
163 creatures vanquished.

Vanquished Creatures (collateral kills)
  A jelly (D:8)
  31 foxfires
32 creatures vanquished.

Vanquished Creatures (others)
  596 foxfires
  3 plants
599 creatures vanquished.

Grand Total: 794 creatures vanquished

Notes
Turn   | Place    | Note
-------+----------+-------------------------------------------
     0 | D:1      | bnorton916 the Deep Elf Fire Elementalist began the quest
                  | for the Orb.
     0 | D:1      | Reached XP level 1. HP: 10/10 MP: 6/6
   101 | D:1      | Found a faded altar of an unknown god.
   158 | D:1      | Reached XP level 2. HP: 15/15 MP: 6/8
   925 | D:1      | Reached XP level 3. HP: 14/19 MP: 5/10
  1710 | D:2      | Noticed Terence
  1716 | D:1      | Learned a level 2 spell: Scorch
  1720 | D:1      | Learned a level 3 spell: Tukima's Dance
  2116 | D:2      | Reached skill level 4 in Spellcasting
  2502 | D:2      | Reached skill level 1 in Hexes
  2767 | D:2      | Reached XP level 4. HP: 24/24 MP: 9/12
  2852 | D:2      | Killed Terence
  3772 | D:3      | Noticed a black bear
  3786 | D:3      | Learned a level 3 spell: Conjure Flame
  3809 | D:3      | Killed a black bear
  3810 | D:3      | Reached XP level 5. HP: 28/28 MP: 5/14
  4753 | D:4      | Reached skill level 5 in Spellcasting
  4753 | D:4      | Reached XP level 6. HP: 20/32 MP: 6/15
  5537 | D:4      | Learned a level 3 spell: Call Canine Familiar
  5655 | D:4      | Found a glowing silver altar of Zin.
  6158 | D:4      | Reached skill level 1 in Summonings
  6158 | D:4      | Reached skill level 5 in Fire Magic
  6225 | D:4      | Noticed a water moccasin
  6245 | D:4      | Killed a water moccasin
  6248 | D:4      | Reached XP level 7. HP: 21/36 MP: 8/17
  6559 | D:4      | Found a runed translucent door.
  6559 | D:4      | Noticed Dagolar's ghost (amateur DsFE)
  7006 | D:4      | Found an ornate altar of the Wu Jian Council.
  7293 | D:5      | Entered Level 5 of the Dungeon
  7341 | D:5      | Reached skill level 6 in Spellcasting
  7451 | D:5      | Found a runed translucent gate.
  7640 | D:5      | Noticed a steam dragon
  8049 | D:5      | Found a runed translucent gate.
  8049 | D:5      | Found a runed translucent gate.
  8050 | D:5      | Noticed SirLogeyBear's ghost (novice HOBe)
  8051 | D:5      | Found an opulent altar of Gozag.
  8051 | D:5      | Noticed a yak
  8164 | D:5      | Found a sacrificial altar of Ru.
  8650 | D:5      | Killed a steam dragon
  8651 | D:5      | Reached skill level 5 in Conjurations
  8651 | D:5      | Reached skill level 5 in Hexes
  8651 | D:5      | Reached XP level 8. HP: 41/41 MP: 17/19
  9124 | D:5      | Killed SirLogeyBear's ghost
  9125 | D:5      | Reached skill level 7 in Spellcasting
  9616 | D:5      | Became a worshipper of Gozag Ym Sagoz the Greedy
  9979 | D:6      | Noticed Sigmund
  9984 | D:6      | Killed Sigmund
  9985 | D:6      | Reached skill level 8 in Spellcasting
 10043 | D:6      | Reached skill level 5 in Summonings
 10295 | D:6      | Found an ancient bone altar of Kikubaaqudgha.
 10461 | D:6      | Reached XP level 9. HP: 37/45 MP: 17/23
 10915 | D:6      | Found a sparkling altar of Nemelex Xobeh.
 10917 | D:6      | Found a stormy altar of Qazlal.
 11226 | D:7      | Found a staircase to the Ecumenical Temple.
 11258 | Temple   | Entered the Ecumenical Temple
 11404 | D:7      | Reached skill level 9 in Spellcasting
 12113 | D:7      | You fall into a shaft and drop 1 floor!
 12118 | D:8      | Noticed Maggie
 12136 | D:8      | Killed Maggie
 12137 | D:8      | Reached skill level 1 in Armour
 12476 | D:8      | Found a glowing golden altar of the Shining One.
 12495 | D:8      | Noticed Psyche
 12499 | D:8      | HP: 2/45 [steam dragon] (11)]
 12499 | D:8      | Slain by a steam dragon

Illustrated notes

Levels and vault maps discovered:
D:1:      minmay_arrival_shoal_huts, layout_loops_cross, serial_forest,
          infiniplex_forest_clump_medium, infiniplex_forest_end_3,
          infiniplex_forest_zigzag_1, infiniplex_forest_lined_3_way,
          infiniplex_forest_straight_5, infiniplex_forest_clump_curved,
          infiniplex_forest_clump_curved, infiniplex_forest_lined_3_way,
          chequers_ecumenical_altar_simple_redux, serial_park_tiny_pond,
          minmay_tiny_reverse_x
D:2:      layout_loops_ring, serial_bayou, serial_bayou_pond_b,
          serial_bayou_crossing, serial_bayou_shore_a, serial_bayou_pond_d,
          uniq_terence
D:3:      layout_basic, serial_undead, serial_undead_c, serial_undead_f,
          serial_undead_e, serial_undead_a, serial_undead_c, grunt_ministairs_4,
          nrook_mini_backslash, minivault_14, minmay_hedge_maze,
          hangedman_decor_slide_cut
D:4:      layout_loops_ring, nzn_wu_jian_council_hall,
          mainiacjoe_overflow_six_doors_small, hellmonk_ghost_happy_afterlife
D:5:      layout_layer_cave, nicolae_ru_great_annihilating_truth,
          ebering_ghost_gozag, abandoned_shop
D:6:      layout_cave_pools, jmf_multi_god_temple, kennysheep_vampire_church,
          uniq_sigmund
D:7:      layout_loops_ring, kennysheep_little_box, minmay_temple_entry_waves
D:8:      layout_cave_pools, lemuel_crystal_altar, serial_column_ruins,
          column_ruins_square_small, column_ruins_hut_water,
          column_ruins_open_medium, column_ruins_columns_straight,
          column_ruins_corridor_straight, gammafunk_ghost_grave,
          palyth_stone_intersect, uniq_psyche, uniq_gastronok, uniq_maggie
Temple:   nicolae_temple_ecumenical_triangle

Skill      XL: |  1  2  3  4  5  6  7  8  9 |
---------------+----------------------------+-----
Conjurations   | 2 3 4 5 6 8 |  8.1
Fire Magic     | 4 5 6 |  6.0
Spellcasting   | 4 5 6 8 9 |  9.3
Hexes          | 1 2 3 5 |  5.2
Summonings     | 1 3 5 6 |  6.3
Armour         | 2 |  2.0
Dodging        | 4 |  4.1
Stealth        | |  2.4

Action                   |  1- 3 |  4- 6 |  7- 9 || total
-------------------------+-------+-------+-------++-------
Melee: Dagger            |       |     4 |       ||     4
 Cast: Foxfire           |   124 |   115 |   141 ||   380
       Conjure Flame     |       |     3 |     3 ||     6
       Scorch            |       |    13 |    51 ||    64
       Tukima's Dance    |       |       |     4 ||     4
       Call Canine Famil |       |       |     1 ||     1
Evoke: Wand              |       |       |     6 ||     6
  Use: Scroll            |       |       |    10 ||    10
       Potion            |       |       |     3 ||     3
Armor: Robe              |     8 |    11 |    37 ||    56
Dodge: Dodged            |    20 |    19 |   104 ||   143
